 Dungeon Crawl Stone Soup version 0.22.1-2-g9c5b331 (webtiles) character file.

157 nightchill the Sneak (level 5, 24/24 HPs)
             Began as a Spriggan Enchanter on Dec 21, 2018.
             Quit the game on level 2 of the Dungeon on Dec 24, 2018.
             The game lasted 00:12:08 (2969 turns).

nightchill the Sneak (Spriggan Enchanter)           Turns: 2969, Time: 00:12:09

Health: 24/24      AC:  2    Str:  5    XL:     5   Next: 15%
Magic:  5/10       EV: 18    Int: 16    God:
Gold:   74         SH:  0    Dex: 17    Spells: 2/9 levels left

rFire    . . .     SeeInvis +   a - +1 dagger
rCold    . . .     Gourm    .   (shield restricted)
rNeg     . . .     Faith    .   b - +0 robe
rPois    .         Spirit   .   (helmet restricted)
rElec    .         Reflect  .   (no cloak)
rCorr    .         Harm     .   (gloves unavailable)
MR       .....                  (boots unavailable)
Stlth    +++.......             (no amulet)
HPRegen  0.08/turn              (no ring)
MPRegen  0.12/turn              (no ring)

@: very quick
A: very small, unfitting armour, see invisible, herbivore, speed 3, slow
metabolism 2
a: no special abilities


You were on level 2 of the Dungeon.
You were near starving.

You visited 1 branch of the dungeon, and saw 2 of its levels.

You collected 74 gold pieces.

Inventory:

Hand Weapons
 a - a +1 dagger (weapon)
 e - a cursed -1 dagger
Missiles
 f - 21 stones (quivered)
Armour
 b - a +0 robe (worn)
Scrolls
 c - a scroll of remove curse {unknown}
 g - 3 scrolls of identify {unknown}
 h - 2 scrolls of enchant armour {unknown}
 i - a scroll of blinking {unknown}
 l - 3 scrolls of teleportation {unknown}
 m - a scroll of enchant weapon {unknown}
Potions
 j - 2 potions of curing {unknown}
 k - a potion of flight {unknown}
 n - a potion of lignification {unknown}
 o - a potion of heal wounds {unknown}
Comestibles
 d - 2 rations


   Skills:
 + Level 3.2 Short Blades
 - Level 3.0 Dodging
 + Level 6.3 Stealth
 - Level 2.6 Spellcasting
 + Level 5.0 Hexes


You had 2 spell levels left.
You knew the following spells:

 Your Spells              Type           Power        Failure   Level  Hunger
a - Corona                Hex            ###....      2%          1    #......
b - Ensorcelled Hibernat  Hex/Ice        ##....       11%         2    ##.....
c - Confuse               Hex            ###.....     8%          3    ###....
d - Confusing Touch       Hex            ###...       2%          1    #......

Your spell library contained the following spells:

 Spells                   Type           Power        Failure   Level  Hunger
 Tukima's Dance           Hex            ###.....     8%          3    ###....
 Dazzling Spray           Conj/Hex       ##....       21%         3    ###....
 Gell's Gravitas          Tloc           #.........   50%         3    ###....
 Petrify                  Tmut/Erth      #.......     88%         4    #####..
 Metabolic Englaciation   Hex/Ice        ##........   88%         5    ######.
 Yara's Violent Unravell  Hex/Tmut       ##........   88%         5    ######.


Dungeon Overview and Level Annotations

Branches:
Dungeon (2/15)

Altars:

Annotations:
D:1 exclusion: downstairs


Innate Abilities, Weirdness & Mutations

You are very small and have problems with some larger weapons.
You are too small for most types of armour.
You have supernaturally acute eyesight. (SInv)
You are a herbivore.
You cover ground extremely quickly.
You need to consume almost no food.


Message History

Aiming: Ensorcelled Hibernation (safe; 11% risk of failure)
Press: ? - help, Shift-Dir - straight line, f/p - hobgoblin
Aim: a hobgoblin, wielding a club (lightly wounded, chance to defeat MR: 59%)
The hobgoblin looks drowsy...
The helpless hobgoblin fails to defend itself.
You impale the hobgoblin!!
You kill the hobgoblin!
You see here a club.
You see here a ring mail.
You start resting.
HP restored.
You start resting.
Your magical contamination has completely faded away.
Casting: Ensorcelled Hibernation (safe; 11% risk of failure)
Confirm with . or Enter, or press ? or * to list all spells.
Okay, then.
Saving game... please wait.
Welcome back, nightchill the Spriggan Enchanter.
Press ? for a list of commands and other information.
Are you sure you want to abandon this character and quit the game? (Confirm

#..........#
#.........###
#......)..[.#
#..###.#..#.# #..#
#.#..#.# # ##..#
#.#..#.# #####..##
#.#..#.# .......#
#.#..#.# ....†#.#
#....#@# ##.<#..#
#.#..#.# ###...##
#.#..#.# .....##
###.#..#.# ####.#
#......#.#
...#.####..).#.#.#
...#.............#
##.#.####....#.###
.....# #.#.##.#


There were no monsters in sight!

Vanquished Creatures
  A centaur (D:2)
  An adder (D:2)
  2 worms (D:2)
  3 dart slugs
  3 leopard geckos
  2 ball pythons
  10 bats
  2 giant cockroaches (D:1)
  5 goblins
  8 hobgoblins
  6 jackals
  4 kobolds
  5 rats
52 creatures vanquished.

Notes
Turn   | Place    | Note
-------+----------+-------------------------------------------
     0 | D:1      | nightchill the Spriggan Enchanter began the quest for the
                  | Orb.
     0 | D:1      | Reached XP level 1. HP: 9/9 MP: 5/5
   391 | D:1      | Reached XP level 2. HP: 12/13 MP: 6/6
   452 | D:1      | Learned a level 2 spell: Ensorcelled Hibernation
   891 | D:1      | Reached skill level 5 in Stealth
  1136 | D:1      | Reached XP level 3. HP: 13/16 MP: 0/8
  2436 | D:2      | Reached XP level 4. HP: 21/21 MP: 9/9
  2445 | D:2      | Learned a level 3 spell: Confuse
  2456 | D:2      | Noticed a centaur
  2459 | D:2      | Killed a centaur
  2459 | D:2      | Reached skill level 6 in Stealth
  2459 | D:2      | Reached skill level 5 in Hexes
  2459 | D:2      | Reached XP level 5. HP: 24/24 MP: 10/10
  2673 | D:2      | Learned a level 1 spell: Confusing Touch
  2969 | D:2      | Quit the game

Skill      XL: |  1  2  3  4 |
---------------+-------------+-----
Hexes          | 4 5 |  5.0
Stealth        | 5 6 |  6.3
Short Blades   | 2 3 |  3.2
Dodging        | |  3.0
Spellcasting   | |  2.6

Action                   |  1- 3 |  4- 6 || total
-------------------------+-------+-------++-------
Melee: Dagger            |   132 |    29 ||   161
Throw: Stone             |     3 |       ||     3
 Cast: Ensorcelled Hiber |    16 |    10 ||    26
       Confusing Touch   |       |     1 ||     1
 Stab: Sleeping          |    24 |     9 ||    33
Armor: Robe              |    10 |     3 ||    13
Dodge: Dodged            |    94 |    14 ||   108
